 Dungeon Crawl Stone Soup version 0.31.0-12-g77e489cdc1 (webtiles) character file.

Game seed: 769353297593050875

25 Silvore the Trooper (level 2, 0/24 HPs)
             Began as a Demonspawn Fighter on Feb 14, 2024.
             Slain by a ball python (1 damage)
             ... on level 2 of the Dungeon.
             The game lasted 00:01:07 (1638 turns).

Silvore the Trooper (Demonspawn Fighter)            Turns: 1638, Time: 00:01:08

Health: 0/24       AC:  8    Str: 16    XL:     2   Next: 82%
Magic:  2/2        EV:  8    Int:  8    God:
Gold:   58         SH:  0    Dex: 12    Spells: 1/1 levels left

rFire   . . .        a - +0 long sword
rCold   . . .        c - +0 buckler
rNeg    . . .        b - +0 scale mail
rPois   .            (no helmet)
rElec   .            (no cloak)
rCorr   .            (no gloves)
SInv    .            (no boots)
Will    .....        (no amulet) Stlth
                     (no ring)
HPRegen 0.24/turn    (no ring)
MPRegen 0.08/turn

%: no passive effects
@: confused, mighty
A: slimy green scales 1
a: no special abilities


You were on level 2 of the Dungeon.
You visited 1 branch of the dungeon, and saw 2 of its levels.

You collected 58 gold pieces.

Inventory:

Hand Weapons
 a - a +0 long sword (weapon)
Armour
 b - a +0 scale mail (worn)
 c - a +0 buckler (worn)
Jewellery
 l - an amulet of faith
Scrolls
 e - a scroll of fog
 f - a scroll of immolation
Potions
 g - 2 potions of curing {unknown}
 h - a potion of magic {unknown}
 i - a potion of degeneration {unknown}
 j - a potion of lignification {unknown}
 k - 2 potions of haste {unknown}
 m - a potion of heal wounds {unknown}


   Skills:
 + Level 3.2 Fighting
 + Level 2.0 Long Blades
 + Level 2.9 Armour
 + Level 0.1 Stealth
 + Level 3.1 Shields


You had one spell level left.
You didn't know any spells.
Your spell library contained the following spells:

 Spells                   Type           Power      Damage    Failure   Level
 Ensorcelled Hibernation  Hex/Ice        0%         N/A       97%         2
 Metabolic Englaciation   Hex/Ice        0%         N/A       100%        5
 Ozocubu's Refrigeration  Ice            0%         4d7       100%        7


Dungeon Overview and Level Annotations

Branches:
Dungeon (2/15)

Altars:

Annotations:
D:2 Sigmund


Innate Abilities, Weirdness & Mutations

You are partially covered in slimy green scales. (AC +2)


Message History

You slash the hobgoblin!
You kill the hobgoblin!
You see here a hobgoblin corpse.
You pick up Sif Muna's Almanac of Rime and begin reading...
It was Sif Muna's Almanac of Rime.
You add the spells Ensorcelled Hibernation, Metabolic Englaciation and Ozocubu's Refrigeration to your library.
Found an escape hatch in the floor.
Found a scale mail.
Found a stone staircase leading down.
You open the door.
Sigmund the Dreaded comes into view.
He is wielding a +1 vampiric scythe.
Found a scroll labelled JEMMOIDUXOAD.
Sigmund shouts!
There is an open door here.
Sigmund is nearby!
You block Sigmund's attack.
You closely miss Sigmund.
A ball python comes into view.
Sigmund hits you with a +1 vampiric scythe.
The ball python hisses angrily.
You hit Sigmund.
Sigmund is lightly wounded.
Sigmund breathes a few words.
Sigmund's hands start flickering wildly.
Sigmund hits you with a +1 vampiric scythe.
Sigmund draws strength from your wounds!
You feel very mighty all of a sudden.
You barely miss Sigmund.
Sigmund points at you and mumbles some strange words.
You are confused.
Sigmund mumbles some strange words.
Sigmund flickers and vanishes!
Deactivating autopickup; reactivate with Ctrl-A.
The ball python bites you but does no damage.
The ball python completely misses you. Something hits you. Something hits you!
* * * LOW HITPOINT WARNING * * *
The ball python bites you.
You die...

... ... #.# ##+## #.#
##...## #.# ##.....##
##.# ###.......## ##..#
........@..####...#######
....?..{S..'.............
##.........####......####
##.......## ##.###.#
#......## ### #.#
#.#...## #.# ......## ...
...... ... ..... ....


You could see a ball python.

Vanquished Creatures
  A dart slug (D:1)
  4 bats
  An endoplasm (D:1)
  A giant cockroach (D:1)
  3 goblins
  4 hobgoblins
  3 kobolds
  A quokka (D:1)
  A ball python (D:1)
  A frilled lizard (D:1)
  A rat (D:1)
21 creatures vanquished.

Notes
Turn   | Place    | Note
-------+----------+-------------------------------------------
     0 | D:1      | Silvore the Demonspawn Fighter began the quest for the Orb.
     0 | D:1      | Reached XP level 1. HP: 18/18 MP: 1/1
   308 | D:1      | Gained mutation: You are partially covered in slimy green
                  | scales. (AC +2) [demonic ancestry]
   308 | D:1      | Reached XP level 2. HP: 24/24 MP: 2/2
   834 | D:1      | Found a faded altar of an unknown god.
  1541 | D:2      | Got Sif Muna's Almanac of Rime
  1628 | D:2      | Noticed Sigmund
  1638 | D:2      | HP: 1/24 [something (11)]
  1638 | D:2      | Slain by a ball python

Illustrated notes

Levels and vault maps discovered:
D:1:      saegor_arrival_miasma, layout_loops_corners,
          shapermc_ecumenical_altar_mp_vishouse
D:2:      layout_loops_corners, uniq_sigmund

Skill      XL: |  1  2 |
---------------+-------+-----
Shields        | 3 |  3.1
Long Blades    | 2 |  2.0
Fighting       | |  3.2
Armour         | |  2.9
Stealth        | |  0.1

Action                     || total
---------------------------++-------
  Melee: Long sword        ||    73
    Use: Scroll            ||     2
         Potion            ||     1
 Armour: Scale mail        ||    55
  Dodge: Dodged            ||    43
  Block: Buckler           ||    19
